 Dungeon Crawl Stone Soup version 0.31-a0-774-g0d66cbabe8 (webtiles) character file.

Game seed: 5990082192957886312

211 CowFu the Skirmisher (level 6, 0/35 HPs)
             Began as a Kobold Hunter on Sept 18, 2023.
             Killed from afar by Eustachio (6 damage)
             ... with a puff of flame
             ... on level 4 of the Dungeon.
             The game lasted 00:03:31 (1727 turns).

CowFu the Skirmisher (Kobold Hunter)                Turns: 1727, Time: 00:03:32

Health: 0/35       AC:  5    Str:  9    XL:     6   Next: 13%
Magic:  6/6        EV: 14    Int: 10    God:
Gold:   134        SH:  0    Dex: 20    Spells: 5/5 levels left

rFire   . . .        b - +3 short sword
rCold   . . .        (no shield)
rNeg    . . .        c - +0 leather armour
rPois   .            (no helmet)
rElec   .            j - +0 cloak
rCorr   .            (no gloves)
SInv    .            i - +0 pair of boots
Will    .....        (no amulet)
Stlth   +++          (no ring)
HPRegen 0.25/turn    (no ring)
MPRegen 0.10/turn

%: no passive effects
@: mighty
A: small, no large weapons, nightstalker 3
a: no special abilities


You were on level 4 of the Dungeon.
You visited 1 branch of the dungeon, and saw 4 of its levels.

You collected 134 gold pieces.

Inventory:

Hand Weapons
 a - a +0 shortbow
 b - a +3 short sword (weapon)
Armour
 c - a +0 leather armour (worn)
 i - a +0 pair of boots (worn)
 j - a +0 cloak (worn)
Jewellery
 h - a +5 ring of evasion
Wands
 p - a wand of roots (2)
Scrolls
 e - a scroll of identify
 k - a scroll of amnesia
Potions
 g - a potion of brilliance {unknown}
 m - a potion of resistance {unknown}
 o - a potion of heal wounds {unknown}


   Skills:
 - Level 2.1 Fighting
 + Level 9.1 Ranged Weapons
 - Level 2.4 Dodging
 - Level 1.3 Stealth


You had 5 spell levels left.
You didn't know any spells.
Your spell library contained the following spells:

 Spells                   Type           Power      Damage    Failure   Level
 Shock                    Conj/Air       0%         1d3       47%         1
 Swiftness                Air            0%         N/A       85%         3
 Airstrike                Air            0%         2d(0-16)  99%         4


Dungeon Overview and Level Annotations

Branches:
Dungeon (3/15)

Altars:

Shops:
D:1 [

Annotations:
D:4 Dowan, Duvessa, Eustachio


Innate Abilities, Weirdness & Mutations

You are small and have problems with some larger weapons.
You are completely attuned to the shadows.


Message History

You kill the jackal!
You hit the quokka.
You kill the quokka!
The quokka's corpse disappears in a puff of smoke!
You completely miss the black bear. The black bear closely misses you.
The black bear claws you. The black bear barely misses you.
You puncture the black bear!
The black bear is moderately wounded.
The black bear bites you but does no damage.
The black bear closely misses you. The black bear barely misses you.
You puncture the black bear!
The black bear is severely wounded.
The black bear misses you. The black bear barely misses you.
The black bear claws you but does no damage.
You puncture the black bear!
The black bear is almost dead.
The black bear bites you. The black bear claws you.
* * * LOW HITPOINT WARNING * * *
The black bear closely misses you.
Okay, then.
You barely miss the black bear.
The black bear is almost dead.
The black bear goes berserk!
You puncture the black bear!
You kill the black bear!
Your Ranged Weapons skill increases to level 9!
You have reached level 6!
You puncture the orc!
You kill the orc!
You closely miss the phantom. The phantom closely misses you.
You puncture the phantom!
The phantom is heavily damaged.
The phantom hits you.
* * * LOW HITPOINT WARNING * * *
The phantom blinks!
You blink.
You barely miss the phantom.
The phantom is heavily damaged.
Eustachio zaps a wand.
The puff of flame hits you.
You die...
Eustachio twirls his moustache.

### #.##
##§###
#.).#####.
##@.†@....
####...W.....
....###.#....
.....##......
...b.........
......bh....
...+++h.####
... +...#
..b+++.#.#


You could see Eustachio and a phantom.

Vanquished Creatures
  A black bear (D:4)
  Ijyb (D:4)
  5 adders (D:2)
  A worm (D:2)
  A dart slug (D:2)
  An orc (D:4)
  7 endoplasms
  A giant cockroach (D:1)
  2 goblins (D:1)
  7 hobgoblins
  3 jackals (D:4)
  2 quokkas
  3 frilled lizards
  3 kobolds
  A rat (D:1)
39 creatures vanquished.

Notes
Turn   | Place    | Note
-------+----------+-------------------------------------------
     0 | D:1      | CowFu the Kobold Hunter began the quest for the Orb.
     0 | D:1      | Reached XP level 1. HP: 12/12 MP: 1/1
    92 | D:1      | Found Ogaufol's Armour Boutique.
   406 | D:1      | Reached XP level 2. HP: 17/17 MP: 2/2
   488 | D:1      | Reached skill level 6 in Ranged Weapons
   752 | D:2      | Reached XP level 3. HP: 21/21 MP: 3/3
   918 | D:2      | Reached skill level 7 in Ranged Weapons
   980 | D:2      | Reached XP level 4. HP: 26/26 MP: 4/4
  1603 | D:3      | You fall into a shaft and drop 1 floor!
  1640 | D:4      | Noticed Duvessa
  1642 | D:4      | Noticed Dowan
  1655 | D:4      | Noticed Eustachio
  1681 | D:4      | Noticed Ijyb
  1704 | D:4      | Noticed a black bear
  1709 | D:4      | Noticed a phantom
  1715 | D:4      | Killed Ijyb
  1716 | D:4      | Reached skill level 8 in Ranged Weapons
  1716 | D:4      | Reached XP level 5. HP: 17/30 MP: 5/5
  1723 | D:4      | Killed a black bear
  1724 | D:4      | Reached skill level 9 in Ranged Weapons
  1724 | D:4      | Reached XP level 6. HP: 7/35 MP: 6/6
  1727 | D:4      | Killed from afar by Eustachio

Illustrated notes

Levels and vault maps discovered:
D:1:      minmay_arrival_radiant_lines, layout_loops_ring, serial_shops,
          nicolae_shop_tiny_waterfront
D:2:      layout_loops_ring, minmay_pentomino_s4
D:3:      layout_rooms, led_sif_pool, minmay_gold_behind_fungi, uniq_robin
D:4:      layout_rooms, serial_aquarium, aquarium_bridge_square
          [aquarium_subvault_bridge, aquarium_subvault_bridge,
          aquarium_subvault_bridge, aquarium_subvault_wall],
          aquarium_bridge_long_joined [aquarium_subvault_bridge,
          aquarium_subvault_wall, aquarium_subvault_wall,
          aquarium_subvault_bridge, aquarium_subvault_bridge,
          aquarium_subvault_window], aquarium_window_fake, aquarium_window_3,
          aquarium_window_2, aquarium_view_2d, aquarium_view_4,
          aquarium_pool_corner, serial_shops, nicolae_shop_tiny_real_fake_doors,
          uniq_eustachio, uniq_ijyb, uniq_duvessa

Skill      XL: |  1  2  3  4  5 |
---------------+----------------+-----
Ranged Weapons | 6 7 8 9 |  9.1
Fighting       | |  2.1
Dodging        | |  2.4
Stealth        | |  1.3

Action                     |  1- 3 |  4- 6 || total
---------------------------+-------+-------++-------
  Melee: Short sword       |       |    18 ||    18
   Fire: Shortbow          |    58 |    47 ||   105
    Use: Scroll            |       |     5 ||     5
         Potion            |       |     5 ||     5
 Armour: Leather armour    |    11 |    39 ||    50
  Dodge: Dodged            |    30 |    47 ||    77

Table legend: (Time is in decaauts)
 A = Elapsed time spent in this place.
 B = Non-inter-level travel time spent in this place.
 C = Inter-level travel time spent in this place.
 D = Time resting spent in this place.
 E = Time spent auto-exploring this place.
 F = Levels seen in this place.
 G = Mean time per level.
                   A        B        C        D        E       F      G
               +--------+--------+--------+--------+--------+-----+--------+
         Total |   1737 |   1686 |     51 |      0 |   1402 |   4 |  434.2 |
       Dungeon |   1737 |   1686 |     51 |      0 |   1402 |   4 |  434.2 |
               +--------+--------+--------+--------+--------+-----+--------+

Top non-repeatable levels by time:
     D:2: 836 daAuts
     D:1: 722 daAuts
     D:4: 124 daAuts
     D:3: 53 daAuts
